Map: Odyssey LE

Players

PiG - Winner!

  • Race: Zerg Zerg
  • League: Grandmaster
  • Spawn Location: 11:00

eonblu

  • Race: Zerg Zerg
  • League: Master
  • Spawn Location: 5:00

VOD

Have the link to the VOD?

Description

Time

  • Played on: May 31, 2017, 5:45 p.m.
  • Length: 5:25
Show
View Real Time Build Order
Export as new Build Order

PiG Zerg - Winner!

Build Orders: Hatch First, Zergling Baneling 

Get SALT Encoding   

  12  0:01  Drone  
  13  0:13  Overlord  
  13  0:17  Drone  
  14  0:31  Drone x2  
  14  0:35  Drone  
  17  0:51  Hatchery  
  17  0:55  Drone  
  17  0:59  Drone  
  18  1:10  Extractor  
  17  1:12  Spawning Pool  
  17  1:16  Drone  
  17  1:19  Drone  
  18  1:29  Drone  
  19  1:39  Overlord  
  19  1:51  Drone  
  20  2:00  Queen  
  23  2:01  Zergling x2  
  23  2:04  Queen  
  23  2:05  Zergling x2  
  26  2:13  Metabolic Boost  
  26  2:15  Drone x2  
  28  2:27  Drone x2  
  30  2:38  Hatchery  
  30  2:41  Drone x2  
  31  2:47  Baneling Nest  
  30  2:54  Drone x2  
  33  2:58  Drone  
  33  3:02  Overlord  
  33  3:17  Zergling x6  
  36  3:21  Zergling x10  
  41  3:32  Zergling x4  
  43  3:42  Baneling x3  
  43  3:45  Overlord  
  43  3:54  Zergling x14  
  49  4:05  Zergling x8  
  49  4:08  Baneling x2  
  49  4:09  Baneling  
  51  4:22  Zergling x8  
  51  4:23  Zergling x8  
  56  4:27  Zergling x4  
  56  4:39  Zergling x4  
  57  4:49  Zergling x4  
  56  4:54  Zergling x4  
  56  4:55  Baneling x2  
  58  4:56  Baneling x4  
Show
View Real Time Build Order
Export as new Build Order

eonblu Zerg 

Build Orders: Hatch First 

Get SALT Encoding   

  12  0:01  Drone  
  13  0:08  Drone  
  14  0:17  Overlord  
  14  0:35  Drone x3  
  17  0:52  Hatchery  
  17  0:56  Drone  
  17  1:08  Spawning Pool  
  16  1:12  Drone  
  16  1:14  Drone  
  16  1:16  Extractor  
  17  1:22  Drone  
  18  1:32  Drone  
  19  1:41  Overlord  
  19  1:54  Queen  
  19  1:55  Zergling x2  
  22  2:02  Zergling x2  
  22  2:04  Queen  
  22  2:05  Drone  
  26  2:13  Drone  
  27  2:16  Drone  
  27  2:19  Metabolic Boost  
  28  2:23  Drone  
  28  2:27  Drone  
  30  2:36  Hatchery  
  29  2:39  Drone  
  30  2:50  Zergling x4  
  30  2:51  Zergling x2  
  33  2:56  Drone  
  34  3:01  Drone  
  35  3:11  Baneling Nest  
  34  3:16  Hatchery  
  34  3:23  Drone x2  
  34  3:26  Overlord  
  36  3:44  Queen  
  36  3:46  Zergling x8  
  36  3:48  Overlord  
  42  3:49  Drone x2  
  44  4:04  Baneling  
  44  4:05  Baneling  
  44  4:06  Baneling x2  
  44  4:09  Zergling x10  
  48  4:15  Zergling x2  
  48  4:16  Zergling x2  
  35  4:26  Drone x3  
  35  4:27  Drone x2  
  32  4:40  Zergling x8  
  35  4:52  Zergling x12  
Tags
 
Add a new tag
Caveats
  • Supply blocks, unpowered buildings, or Contaminate may cause inaccurate times.
  • Supply counts are checked every 10 seconds.